 Dungeon Crawl Stone Soup version 0.28.0 (webtiles) character file.

Game seed: 469098183756052301

183 ProzacElf the Poker (level 5, 0/38 HPs)
             Began as a Merfolk Hunter on Feb 15, 2022.
             Slain by a sky beast (6 damage)
             ... on level 4 of the Dungeon.
             The game lasted 00:05:30 (4025 turns).

ProzacElf the Poker (Merfolk Hunter)                Turns: 4025, Time: 00:05:30

Health: 0/38       AC: 10    Str: 14    XL:     5   Next: 62%
Magic:  5/5        EV: 12    Int: 11    God:
Gold:   112        SH:  0    Dex: 14    Spells: 4/4 levels left

rFire   . . .      SeeInvis .   a - +2 dagger (protect)
rCold   . . .      Faith    .   (no shield)
rNeg    . . .      Spirit   .   l - +0 leather armour
rPois   .          Reflect  .   (no helmet)
rElec   .          Harm     .   (no cloak)
rCorr   .          Rampage  .   (no gloves)
Will    .....                   (no boots)
Stlth   ++........              (no amulet)
HPRegen 0.12/turn               (no ring)
MPRegen 0.09/turn               (no ring)

@: under a protective aura
A: (nimble swimmer 2), mertail
a: no special abilities


You were on level 4 of the Dungeon.
You visited 1 branch of the dungeon, and saw 4 of its levels.

You collected 112 gold pieces.

Inventory:

Hand Weapons
 a - a +2 dagger of protection (weapon)
 b - a +0 trident
 f - a +0 short sword
Missiles
 c - 8 javelins (quivered)
 d - 2 throwing nets
 e - 4 poisoned darts
 q - 4 curare-tipped darts
Armour
 l - a +0 leather armour (worn)
Magical Staves
 i - a staff of conjuration {!a}
 n - a staff of poison
Wands
 p - a wand of iceblast (9)
Scrolls
 g - a scroll of fog {unknown}
 j - 2 scrolls of teleportation {unknown}
 k - a scroll of torment {unknown}
 o - a scroll of immolation {unknown}
 r - 2 scrolls of identify {unknown}
Potions
 h - a potion of flight {unknown}
 m - 2 potions of curing
 s - a potion of heal wounds {unknown}


   Skills:
 - Level 2.1 Fighting
 + Level 5.7 Polearms
 - Level 5.0 Throwing
 + Level 2.8 Dodging
 - Level 2.0 Stealth


You had 4 spell levels left.
You didn't know any spells.
Your spell library contained the following spells:

 Spells                   Type           Power      Damage    Failure   Level
 Conjure Flame            Conj/Fire      0%         6-21      80%         3
 Ignite Poison            Fire/Tmut/Pois 0%         N/A       80%         3
 Sticky Flame             Conj/Fire      0%         2d3       99%         4


Dungeon Overview and Level Annotations

Branches:
Dungeon (4/15)
 Temple: D:4-7

Altars:


Innate Abilities, Weirdness & Mutations

((You are very nimble when in or above water. (Stealth+, EV+, Speed+++)))
Your lower body shifts to a powerful aquatic tail in water.


Message History

Ye hit tha sky beast.
Tha sky beast be moderately wounded.
Tha sky beast misses ye.
Ye hit tha sky beast but do nay damage.
Tha sky beast be moderately wounded.
Tha sky beast misses ye.
Ye barely miss tha sky beast.
Tha sky beast be moderately wounded.
Tha sky beast flickers outta sight!
Deactivatin' autopickup; reactivate wit' Ctrl-A.
Somethin' barely misses ye.
Ye miss somethin'.
Somethin' hits ye but does nay damage.
Ye hit somethin'.
Somethin' hits ye but does nay damage.
Ye hit somethin'.
Somethin' hits ye but does nay damage.
Ye miss somethin'.
Somethin' hits ye but does nay damage.
Ye hit somethin' but do nay damage.
A sky beast appears from thin air!
Reactivatin' autopickup.
Tha sky beast hits ye.
Tha sky beast shocks ye.
Ye take 8 damage, an' haf 23/38 hp.
MASSIVE DAMAGE!!
Ye closely miss tha sky beast.
Tha sky beast be heavily wounded.
Tha sky beast hits ye but does nay damage.
Ye hit tha sky beast but do nay damage.
Tha sky beast be heavily wounded.
Tha sky beast hits ye but does nay damage.
Ye hit tha sky beast.
Tha sky beast be heavily wounded.
Tha sky beast hits ye.
Tha sky beast shocks ye.
Ye take 9 damage, an' haf 14/38 hp.
MASSIVE DAMAGE!!
Ye hit tha sky beast but do nay damage.
Tha sky beast be heavily wounded.
Tha sky beast hits ye.
Tha sky beast shocks ye.
* * * LOW HITPOINT WARNIN'
* * * Ye take 7 damage, an' haf 7/38 hp.
Ye hit tha sky beast.
Tha sky beast be heavily wounded.
Tha sky beast hits ye.
* * * LOW HITPOINT WARNIN'
* * * Tha sky beast shocks ye.
Ye die...

###### ....# .# ##...##
############
...#.#.#.#############...........
..............Y@......######....
.#.#.#.#############.# #.###
#...## #.# #.# .......## #.# #.#
.>.##### #.# #.# ..# #.# #.# ..#
#.# #.# #.# #.######.# #.#
#........#


You could see a sky beast.

Vanquished Creatures
  2 orc wizards
  5 adders (D:2)
  2 worms (D:2)
  A dart slug (D:1)
  2 orcs (D:2)
  9 ball pythons
  9 endoplasms
  4 giant cockroaches
  5 goblins
  9 hobgoblins
  A jackal (D:1)
  5 kobolds (D:1)
  3 quokkas
  6 bats
  6 frilled lizards
  6 rats
75 creatures vanquished.

Vanquished Creatures (others)
  3 plants (D:1)
3 creatures vanquished.

Grand Total: 78 creatures vanquished

Notes
Turn   | Place    | Note
-------+----------+-------------------------------------------
     0 | D:1      | ProzacElf the Merfolk Hunter began the quest for the Orb.
     0 | D:1      | Reached XP level 1. HP: 16/16 MP: 1/1
   434 | D:1      | Reached XP level 2. HP: 17/22 MP: 2/2
   686 | D:1      | Reached XP level 3. HP: 24/27 MP: 3/3
  1594 | D:2      | Reached skill level 1 in Polearms
  1594 | D:2      | Reached skill level 5 in Throwing
  1809 | D:2      | Reached XP level 4. HP: 30/33 MP: 4/4
  2805 | D:2      | Reached XP level 5. HP: 16/38 MP: 5/5
  3040 | D:3      | Reached skill level 5 in Polearms
  3685 | D:3      | Found a faded altar of an unknown god.
  3995 | D:4      | Noticed a sky beast
  4025 | D:4      | Slain by a sky beast

Illustrated notes

Levels and vault maps discovered:
D:1:      eino_arrival_druids_welcome, layout_loops_corners, serial_bayou_pond_b
D:2:      layout_loops_cross
D:3:      layout_rooms, shapermc_ecumenical_altar_mp_vishouse, st_stairs_9
D:4:      layout_loops_ring, mainiacjoe_overflow_alcove_1,
          grunt_temple_overflow_open, minmay_temple_entry_tees

Skill      XL: |  1  2  3  4  5 |
---------------+----------------+-----
Stealth        | 2 |  2.0
Polearms       | 2 4 5 |  5.7
Throwing       | 5 |  5.0
Fighting       | |  2.1
Dodging        | |  2.8

Action                   |  1- 3 |  4- 6 || total
-------------------------+-------+-------++-------
Melee: Short sword       |     8 |       ||     8
       Dagger            |   107 |   166 ||   273
       Punch             |     2 |     3 ||     5
       Trident           |    15 |       ||    15
Throw: Javelin           |       |     4 ||     4
  Use: Potion            |       |     2 ||     2
 Stab: Sleeping          |     4 |     4 ||     8
       Invisible         |       |     1 ||     1
Armor: Leather armour    |    57 |    81 ||   138
Dodge: Dodged            |    69 |    93 ||   162
